Cogmind - Beta 17 @@@ ROGUE MODE // 2026.08.13 @ 02:03:53 Player: Nell Result: Destroyed by S-10 Pest with Light Assault Rifle Performance ------------- Evolutions (0) 0 Regions Visited (3) 600 Robots Destroyed (40) 200 Value Destroyed (1049) 1049 Prototype IDs (0) 0 Alien Tech Used (0) 0 Bonus (0) 0 TOTAL SCORE: 1849 Bonus ------- None Cogmind --------- Core Integrity 0/250 Matter 257/300 Energy 200/200 System Corruption 0% Temperature Cool (0) Movement Rolling (130) Ox2 Location -10/Subcaves Parts ------- > --- POWER (1) -------- Subdweller Power Source > --- PROPULSION (2) --- Aluminum Leg Subdweller Monowheel > --- UTILITY (2) ------ High-capacity Storage Unit Targeting Computer > --- WEAPON (2) ------- Subdweller Beam Cannon Rocket Launcher > --- INVENTORY (20) --- Light Ion Engine Subdweller Power Source Hover Unit Improved Heat Sink Medium Storage Unit Large Battery (200) Targeting Computer Propulsion Shielding Medium Laser Peak State ------------ > --- POWER ------------ Light Nuclear Core > --- PROPULSION ------- Light Treads Spiked Treads > --- UTILITY ---------- Medium Storage Unit Targeting Computer > --- WEAPON ----------- Improved Light Cannon Enhanced Flamer > --- INVENTORY -------- Light Ion Engine Light Treads Hover Unit Improved Heat Sink Large Battery Targeting Computer Propulsion Shielding Medium Laser Beam Cannon Rocket Launcher [Rating: 14] Favorites ----------- Power Light Nuclear Core Engine Ion Engine Power Core Light Nuclear Core Propulsion Light Treads Treads Light Treads Leg Aluminum Leg Wheel Subdweller Monowheel Utility Medium Storage Unit Device Seismic Detector Storage Medium Storage Unit Processor Targeting Computer Weapon Improved Light Cannon Energy Gun Medium Laser Energy Cannon Subdweller Beam Cannon Ballistic Gun Light Assault Rifle Ballistic Cannon Improved Light Cannon Launcher Rocket Launcher Special Weapon Enhanced Flamer Build | -11 -10 -10 -10 ------- Run | Yrd Mat Min Sub Slots Evolved . | . . . . Power . | . . . . Propulsion . | . . . . Utility . | . . . . Weapon . | . . . . Parts Attached 29 | 7 10 3 9 Power 5 | 1 2 1 1 Engine 4 | 1 2 . 1 Core 1 | . . 1 . Reactor . | . . . . Propulsion 9 | 2 2 2 3 Treads 7 | 2 2 2 1 Leg 1 | . . . 1 Wheel 1 | . . . 1 Hover . | . . . . Flight . | . . . . Utility 5 | 2 2 . 1 Device 1 | 1 . . . Storage 3 | 1 1 . 1 Processor 1 | . 1 . . Hackware . | . . . . Protection . | . . . . Artifact . | . . . . Weapon 10 | 2 4 . 4 Energy Gun 2 | . 1 . 1 Energy Cannon 2 | . 1 . 1 Ballistic Gun 2 | 2 . . . Ballistic Cannon 2 | . 2 . . Launcher 1 | . . . 1 Special Weapon 1 | . . . 1 Impact Weapon . | . . . . Slashing Weapon . | . . . . Piercing Weapon . | . . . . Special Melee Weapon . | . . . . Unidentified Prototypes . | . . . . Parts Lost 6 | . . . 6 Power 1 | . . . 1 Propulsion 2 | . . . 2 Utility . | . . . . Weapon 3 | . . . 3 Highest Loss Streak 2 | . . . 2 To Critical Strikes . | . . . . Average Backups 9 | . 9 10 9 Power 1 | . 1 1 2 Propulsion . | . . 1 1 Utility 3 | . 2 4 4 Weapon 2 | . 4 4 1 Tool/Special . | . . . . Unused Backups 16 | . 5 3 8 Power 3 | . 1 . 2 Propulsion 2 | . . . 2 Utility 7 | . 1 2 4 Weapon 4 | . 3 1 . Tool/Special . | . . . . Average Slot Usage (%) 99 | . 99 100 99 Engine 7 | . 14 12 . Core 6 | . . 1 13 Treads 24 | . 28 28 20 Wheel 2 | . . . 5 Device 3 | . 11 . . Storage 14 | . 14 14 14 Processor 10 | . 2 14 14 Energy Gun 5 | . 2 . 10 Energy Cannon 6 | . 2 . 11 Ballistic Cannon 14 | . 19 28 3 Special Weapon 1 | . . . 2 Peak Build Rating 14 | 7 10 12 14 Average Rating 10 | 5 9 10 11 On Entrance 7 | . 7 10 12 Avg Prop Armor Cover (%) 13 | . . . 13 Naked Turns . | . . . . Heaviest Build 55 | 11 24 23 55 Greatest Support 40 | 40 40 40 40 Greatest Overweight (x) 2 | . . . 2 Average Overweight (x) . | . . . . Largest Inventory Capacity 20 | 8 10 10 20 Average Capacity 11 | 7 9 10 13 Most Carried 11 | 1 10 10 11 Average Carried 9 | . 9 9 9 Final Capacity 20 | 8 10 10 20 Final Carried 10 | 1 10 10 9 Class Distribution -------------------- 100% | Mutant Dominant Class ---------------- Mutant | -10/Materials Mutant | -10/Mines Mutant | -10/Subcaves Resources | -11 -10 -10 -10 ----------- Run | Yrd Mat Min Sub Matter Collected 935 | 229 403 170 133 Remotely . | . . . . Salvage Created 1083 | 20 435 109 519 Parts 85 | 3 35 10 37 Haulers Intercepted 2 | . 2 . . Recyclers Shooed 1 | . . 1 . Parts Field Recycled . | . . . . Retrieved Matter . | . . . . Parts Self-Destructed 15 | . . . 15 Prevented . | . . . . Parts Restored . | . . . . Kills | -11 -10 -10 -10 ------- Run | Yrd Mat Min Sub Combat Hostiles Destroyed 33 | . 14 4 15 Guns 6 | . . . 6 Cannons 26 | . 13 4 9 AOE 1 | . 1 . . Classes Destroyed 9 | 1 5 2 1 Worker 1 | . 1 . . Builder 1 | . . 1 . Tunneler 1 | 1 . . . Hauler 2 | . 2 . . Watcher 2 | . 2 . . Swarmer 11 | . 6 2 3 Grunt 11 | . 8 1 2 Sentry 2 | . . 1 1 Subdweller 9 | . . . 9 Best Kill Streak 6 | 1 6 1 4 Combat Bots Only 6 | . 6 1 4 Max Kills in Single Turn 2 | 1 2 1 2 Gunslinging . | . . . . Exploded 1 | . 1 . . Melee . | . . . . Uniques/NPCs Destroyed . | . . . . Combat | -11 -10 -10 -10 -------- Run | Yrd Mat Min Sub Hostile Shots Fired 145 | . 32 28 85 Missed 45 | . 11 7 27 Hits 100 | . 21 21 58 Projectile 100 | . 21 21 58 AOE 4 | . . . 4 Critical Strikes 4 | . . 1 3 Damage Taken 1461 | . 238 206 1017 Core 255 | . 22 60 173 Absorbed by Shields . | . . . . Core Remaining (%) 100 | 100 . . . Volleys Fired 116 | 6 42 13 55 Largest 2 | 2 2 2 2 Hottest 130 | 40 110 66 130 Shots Fired 229 | 12 84 26 107 Gun 55 | 12 4 . 39 Cannon 162 | . 80 26 56 Launcher 3 | . . . 3 Special 9 | . . . 9 Kinetic 128 | 12 76 26 14 Thermal 98 | . 8 . 90 Explosive 3 | . . . 3 Electromagnetic . | . . . . Robot Hit Streak 23 | 4 11 6 23 Robot Miss Streak 10 | 2 10 6 1 Penetration Max . | . . . . Secondary Targets . | . . . . Shots Hit Robots 114 | 8 37 12 57 Core Hits 57 | 2 28 5 22 Critical Kills 2 | 1 1 . . Critical Parts Destroyed . | . . . . Critical Strikes 10 | 1 2 2 5 Burn 4 | . . . 4 Meltdown 1 | . 1 . . Destroy 1 | 1 . . . Blast 4 | . 1 2 1 Melee Attacks . | . . . . Impact . | . . . . Slashing . | . . . . Piercing . | . . . . Sneak Attacks . | . . . . Combat Hostiles . | . . . . Follow-up Attacks . | . . . . Damage Inflicted 2282 | 70 827 296 1089 Guns 343 | 69 37 . 237 Cannons 1678 | . 757 264 657 Explosions 140 | . 30 . 110 Melee . | . . . . Ramming 36 | 1 3 32 . Kinetic 1287 | 69 705 264 249 Thermal 819 | . 89 . 730 Explosive 110 | . . . 110 Electromagnetic 30 | . 30 . . Impact . | . . . . Slashing . | . . . . Piercing . | . . . . Highest Corruption . | . . . . Average Corruption . | . . . . Corruption Purged . | . . . . Corruption Blocked . | . . . . Overload Shots . | . . . . Overflow Damage 16 | . 4 5 7 Projectiles 16 | . 4 5 7 Explosions . | . . . . Melee . | . . . . Knockbacks 15 | . 6 6 3 Impact . | . . . . Kinetic 15 | . 6 6 3 Secondary . | . . . . Self-Inflicted Damage . | . . . . Shots . | . . . . Rammed 8 | 1 1 6 . Targets Rammed 9 | 1 1 7 . Kicked . | . . . . Crushed 1 | . . 1 . Highest Temperature 111 | . 102 54 111 Average Temperature 20 | . 19 25 21 Received Heat Transfer 306 | . 69 45 192 Siege Activations . | . . . . Martial Activations . | . . . . Shielding Activations . | . . . . Robots Disrupted . | . . . . Combat Hostiles . | . . . . Robots Corrupted . | . . . . Combat Hostiles . | . . . . Parts Fried . | . . . . Impact Corruptions . | . . . . Robots Melted 1 | . 1 . . Combat Hostiles . | . . . . Parts Melted 4 | . 2 . 2 Heat Transferred 2502 | . 222 . 2280 Parts Sabotaged . | . . . . Parts Stolen . | . . . . Parts Stripped . | . . . . Power Chain Reactions . | . . . . Alert | -11 -10 -10 -10 ------- Run | Yrd Mat Min Sub Maximum Alert Level 1 | . 1 . . Low Security (%) 74 | 100 55 100 . Level 1 25 | . 44 . . Level 2 . | . . . . Level 3 . | . . . . Level 4 . | . . . . Level 5 . | . . . . High Security . | . . . . Max Security . | . . . . Peak Influence 241 | 5 241 132 . Initial 76 | . . 76 . Average 79 | . 121 22 . Influence Increases 855 | 5 519 141 190 Destroy 0b10 Robot/C 480 | . 280 80 120 Destroy 0b10 Robot/NC 35 | 5 25 5 . Destroy Leader 78 | . 58 10 10 Successful Hack 26 | . 26 . . Disable Machine 60 | . 45 15 . Destroy Structure 11 | . 10 1 . Partial Spotted 15 | . 15 . . Lose Combat Pursuer 150 | . 60 30 60 Influence Decreases 695 | 5 322 338 30 Entered New Map 121 | . . 121 . Time Decay 564 | 5 322 217 20 Lost Part 10 | . . . 10 Squads Dispatched 2 | . 2 . . Investigation 2 | . 2 . . Extermination . | . . . . Reinforcement . | . . . . Assault . | . . . . Garrison . | . . . . Intercept . | . . . . Searches Triggered . | . . . . Construction Impeded . | . . . . Haulers Reinforced . | . . . . Active Scanning Responses . | . . . . Cargo Convoy Interrupts . | . . . . Stealth | -11 -10 -10 -10 --------- Run | Yrd Mat Min Sub Distress Signals 2 | . 2 . . Communications Jammed . | . . . . Distress Signals . | . . . . Times Spotted 52 | . 25 8 19 Peak Tracking Total 6 | . 6 3 4 Tactical Retreats 7 | . 3 2 2 Traps | -11 -10 -10 -10 ------- Run | Yrd Mat Min Sub Traps Triggered 3 | . 3 . . Indirectly . | . . . . Trap Hack Attempts . | . . . . Triggered . | . . . . Disarmed . | . . . . Reprogrammed . | . . . . Reused . | . . . . Traps Extracted . | . . . . Installed . | . . . . Triggered . | . . . . Machines | -11 -10 -10 -10 ---------- Run | Yrd Mat Min Sub Machines Disabled 7 | . 3 2 2 Max in Single Turn 2 | . 1 1 2 Machines Repaired . | . . . . Machines Dismantled . | . . . . Machines Sabotaged . | . . . . Overloaded Fab Kills . | . . . . Hacking | -11 -10 -10 -10 --------- Run | Yrd Mat Min Sub Machines Accessed 8 | . 7 1 . Terminals 7 | . 6 1 . Fabricators . | . . . . Repair Stations . | . . . . Recycling Units 1 | . 1 . . Scanalyzers . | . . . . Garrison Access . | . . . . Total Hacks 21 | . 19 2 . Successful 13 | . 13 . . Failed 7 | . 5 2 . Catastrophic 1 | . 1 . . Database Lockouts 1 | . 1 . . Manual 12 | . 12 . . Terminals 19 | . 17 2 . Fabricators . | . . . . Repair Stations . | . . . . Recycling Units 2 | . 2 . . Scanalyzers . | . . . . Garrison Access . | . . . . Terminal Hacks 11 | . 11 . . Robot Analysis 1 | . 1 . . Emergency Access Points 2 | . 2 . . Terminal Index 1 | . 1 . . Alert Level 1 | . 1 . . Locate Traps 1 | . 1 . . Maintenance Status 1 | . 1 . . Hauler Manifests 2 | . 2 . . Zone Layout 2 | . 2 . . Fabricator Hacks . | . . . . Repair Station Hacks . | . . . . Recycling Unit Hacks 2 | . 2 . . Report Inventory 1 | . 1 . . Retrieve Components 1 | . 1 . . Scanalyzer . | . . . . Garrison Access Hacks . | . . . . Unauthorized Hacks . | . . . . Terminals . | . . . . Fabricators . | . . . . Repair Stations . | . . . . Recycling Units . | . . . . Scanalyzers . | . . . . Garrison Access . | . . . . Data Cores Recovered . | . . . . Used . | . . . . Hacking Detections 6 | . 5 1 . Full Trace Events . | . . . . Feedback Events . | . . . . Feedback Blocked . | . . . . Robot Schematics Acquired . | . . . . Robots Built . | . . . . Authchips . | . . . . Time . | . . . . Total Robot Build Rating . | . . . . Part Schematics Acquired . | . . . . Parts Built . | . . . . Authchips . | . . . . Time . | . . . . Total Part Build Rating . | . . . . Part Studies Acquired . | . . . . Parts Repaired . | . . . . Time . | . . . . Parts Recycled . | . . . . Recycled Matter . | . . . . Retrieved Matter . | . . . . Retrieved Components 1 | . 1 . . Parts Scanalyzed . | . . . . Part Schematics Acquired . | . . . . Parts Damaged . | . . . . Bothacking | -11 -10 -10 -10 ------------ Run | Yrd Mat Min Sub Used RIF Installer . | . . . . Robots Hacked . | . . . . Non-combat . | . . . . Combat . | . . . . Robot Hacks Applied . | . . . . Relay Couplers Released . | . . . . Fabnet Peak Effective % . | . . . . Robots Rewired . | . . . . Allies Hacked . | . . . . Hacks Repelled . | . . . . Allies | -11 -10 -10 -10 -------- Run | Yrd Mat Min Sub Total Allies . | . . . . Largest Group . | . . . . Highest-Rated Group . | . . . . Highest-Rated Ally . | . . . . Total Orders . | . . . . Ally Attacks . | . . . . Total Damage . | . . . . Kills . | . . . . Allies Corrupted . | . . . . Allies Melted . | . . . . Intel | -11 -10 -10 -10 ------- Run | Yrd Mat Min Sub Active Infowar (turns) 1275 | 22 1253 . . Seismic 1275 | 22 1253 . . Robot Analysis Total 1 | . 1 . . Derelict Logs Recovered 2 | . . 1 1 Drone Launches . | . . . . Drone Recoveries . | . . . . Exploration | -11 -10 -10 -10 ------------- Run | Yrd Mat Min Sub Turns Passed 4852 | 104 1532 1014 2202 Spaces Moved 2815 | 54 819 598 1344 Core 9 | 9 . . . Treads 2151 | 45 819 598 689 Legs . | . . . . Wheels 655 | . . . 655 Hover . | . . . . Flight . | . . . . Fastest Speed 50 | 50 160 160 120 Average Speed 152 | 141 160 160 145 Slowest Speed 240 | 160 160 160 240 Overloaded Moves . | . . . . Propulsion Burnouts . | . . . . Robots Hopped . | . . . . Potential Cave-ins . | . . . . Cave-ins Triggered . | . . . . Exploration Rate (%) 62 | 4 99 99 47 Regions Visited 3 Branch Regions 2 Pre-discovered Areas 1 | . . . 1 Known Exits Taken . | . . . . Unknown Exits Taken 3 | 1 1 1 . Scrap Searched 7 | . . 1 6 Spaces Dug 3 | . 3 . . Terrain Destroyed 36 | . 8 1 27 Melee . | . . . . Projectile 14 | . 8 1 5 AOE 22 | . . . 22 Terrain Rammed . | . . . . Walls Destroyed . | . . . . Machines Disabled . | . . . . Actions | -11 -10 -10 -10 --------- Run | Yrd Mat Min Sub Total 3130 | 68 962 630 1470 Wait 113 | . 60 . 53 Move 2813 | 54 818 597 1344 Hop . | . . . . Pick Up 24 | 1 15 4 4 Fast Attach 11 | 7 3 . 1 Attach 6 | . . . 6 Detach 3 | . 2 . 1 Swap 14 | . 7 3 4 Drop 22 | . 14 6 2 Fire 116 | 6 42 13 55 Melee . | . . . . Ram . | . . . . Kick . | . . . . Crush 8 | . 1 7 . Escape Stasis . | . . . . Rewire . | . . . . Trap . | . . . . Miscellaneous . | . . . . Route ------- -11/Scrapyard -10/Materials (discovered 6 exits: [*Mat x3] / *Min x2 / [*Sub]) -10/Mines (discovered 3 exits: [*Mat x2] / [*Sub]) -10/Subcaves (discovered 1 exit: [*Mat]) History --------- Turn | Location | Event 8 | -11/Scrapyard | Discovered new exit (range 16) 105 | -11/Scrapyard | Entered Materials 105 | -10/Materials | Discovered new exit (range 15) 304 | -10/Materials | Build established: Mutant 519 | -10/Materials | Discovered new exit (range 15) 733 | -10/Materials | Discovered new exit (range 5) 840 | -10/Materials | Central database locked down 1058 | -10/Materials | Discovered new exit (range 9) 1170 | -10/Materials | Discovered new exit (range 5) 1379 | -10/Materials | Discovered new exit (range 8) 1637 | -10/Materials | Entered Mines 1757 | -10/Mines | Found a hidden stash of uninstalled traps 1776 | -10/Mines | Learned 4 Materials zone layouts 1836 | -10/Mines | Discovered new exit (range 8) 1892 | -10/Mines | A weapon hastily lodged in a ceiling crevice suddenly fell to the ground 1963 | -10/Mines | Received a Rocket Launcher from a helpful Derelict 2227 | -10/Mines | Discovered new exit (range 6) 2287 | -10/Mines | Discovered new exit (range 8) 2448 | -10/Mines | Joined a pair of Derelicts in attacking an 0b10 outpost 2651 | -10/Mines | Entered Subcaves 2652 | -10/Subcaves | Approached by a straggling Scientist 2673 | -10/Subcaves | Disturbed a concealed Subdweller 2911 | -10/Subcaves | Shifting Twisted Machinery released Sub. Beam Cannon 2942 | -10/Subcaves | Shifting Twisted Machinery released Battle Cannon 3164 | -10/Subcaves | Core integrity fell below 50% 3764 | -10/Subcaves | A swath of the cavern ceiling suddenly collapsed 4643 | -10/Subcaves | Core integrity fell below 20% 4793 | -10/Subcaves | Discovered new exit (range 14) 4853 | -10/Subcaves | Destroyed by S-10 Pest with Light Assault Rifle Last Messages --------------- 04808_ Y-45 Defender suffers critical hit (Burn). 04809_ Flight Unit fries itself beyond repair. 04811_ Y-45 Defender suffers critical hit (Burn). 04812_ Lgt. Nuclear Core destroyed. 04814_ Heat Sink melted. 04814_ Y-45 Defender destroyed. 04817_ Destroyed Flight Unit. 04818_ Hvy. Assault Rifle fries itself beyond repair. 04820_ S-10 Pest destroyed. 04824_ Acquired 10 matter. 04825_ Flight Unit fries itself beyond repair. 04826_ Beam Rifle fries itself beyond repair. 04829_ Lgt. Assault Rifle fries itself beyond repair. 04832_ S-10 Pest suffers critical hit (Burn). 04832_ S-10 Pest destroyed. 04836_ Lgt. Assault Rifle fries itself beyond repair. 04844_ Flight Unit fries itself beyond repair. 04845_ S-10 Pest springs to life. 04849_ Lgt. Ion Engine fries itself beyond repair. 04849_ Machine disabled. Map ----- +----------------------------------------------------+ | ?????????????????????????????????????????????????? | | ?????????????????????????????????????????????????? | | ?????????????????????????????????????????????????? | | ?????????????????????????????????????????????????? | | ?????????????????????????????????????????????????? | | ?????????????????????????????????????????????????? | | ?????????????????????????????????????????????????? | | ?????????????????????????????????????????????????? | | ?????????????????????????????????????????????????? | | ?????????????????????????????????????????????????? | | ???????????????????????#?????????????????????????? | | ????????????????????? #????????????????????????? | | ?????????????????? #???????????????????????? | | ???????????????? ???????????????????????? | | ???????????????? ?????????????##????????? | | ????????????????? ####????????? ???????? | | ????????????????? < # #????????? ?????? | | ??????????????????# ?????????# ???? | | ???????????????##### ???????## ???? | | ???????????????# #??????? ????? | | ????????????????# #??????? ?????? | | ?????????????????? #???????# ?????? | | ????????????????????# #####?### ??????? | | ????????????????????## ## ## ## ???????? | | ????????????????????# #;#?# ????????? | | ????????????????????# @ #??# ?????????? | | ???????????????????# # #### #?????????? | | ??????????????????# ###%%"## ###?####??# | | ??????????????????# ## % ## ! ### #?## | | ??????????????????# s# ## ## % !%= #??# | | ??????????????????## s ###### #### * #??# | | ??????????????????" ????# #### #### | | ????????????????? ?????# ## | | ???????????????? ?????# | | ??????????????? t ?????## # ### ### | | ?????????????? ???????######?## #?# ### | | ?????????????? ???????????????####?# ##?## | | ???????????????? ?????????????????????###??## | | ?????????????????? ??????????????????????????# | | ???????????????????????????????????????????????# | | ???????????????????????????????????????????????## | | ????????????????????????????????????????????????## | | ?????????????????????????????????????????????????? | | ?????????????????????????????????????????????????? | | ?????????????????????????????????????????????????? | | ?????????????????????????????????????????????????? | | ?????????????????????????????????????????????????? | | ?????????????????????????????????????????????????? | | ?????????????????????????????????????????????????? | | ?????????????????????????????????????????????????? | +----------------------------------------------------+ Best States ------------- Heat Dissipation 25 Energy Generation 15 Energy Capacity 250 Matter Stores 300 Matter Capacity 300 Sight Range 16 Terrain Scan Density 10 Evasion (%) 50 Targeting Accuracy 5 Recoil Reduction 2 Item Schematics ----------------- None Robot Schematics ------------------ None Fabricated ------------ Nothing Repaired ---------- Nothing Studied --------- None Alien Tech Used ----------------- None Achievements -------------- None Challenges ------------ None Game ------ Seed PlatingSeismicRailcannon Manual? 0 Play Time 00:39:15 Cumulative 45.8 hours Start 2026.08.13 @ 01:25:38 End 2026.08.13 @ 02:03:53 Sessions 1 Manual Loads 0 Difficulty Rogue Special Mode None Game No. 81 Rogue 81 Adventurer 0 Explorer 0 Win Type - Total 1 Types 1/0/0/0/0/0/0/0/0/0 Lore% 27 Gallery% 36 Achievement% 21 Wizard Run 0 Options --------- Layout 0 ASCII 0 Keyboard 1 Movement Arrows Keybinds 0 Fullscreen 2 Font 24/Smallcaps Map View 76x50 Zoom Use 0% Tactical HUD 1 Map Filters NONE Filters NONE Steam 1 RUN: 7dce6093-5d86-4406-881d-a1ba45ed778b